 Dungeon Crawl Stone Soup version 0.20.0 (webtiles) character file.

105 MatthieuS the Conjurer (level 4, -4/24 HPs)
             Began as a Deep Elf Conjurer on June 4, 2017.
             Slain by Arglure's ghost (5 damage)
             ... on level 3 of the Dungeon.
             The game lasted 00:07:40 (2422 turns).

MatthieuS the Conjurer (Deep Elf Conjurer)          Turns: 2422, Time: 00:07:41

Health: -4/24      AC:  2    Str:  6    XL:     4   Next: 54%
Magic:  7/12       EV: 13    Int: 20    God:
Gold:   102        SH:  0    Dex: 15    Spells: 1/11 levels left

rFire    . . .     SeeInvis .   r - +0 halberd
rCold    . . .     Gourm    .   (shield currently unavailable)
rNeg     . . .     Faith    .   a - +0 robe
rPois    .         Spirit   .   (no helmet)
rElec    .         Reflect  .   (no cloak)
rCorr    .         Harm     .   (no gloves)
MR       .....                  (no boots)
Stlth    ++........             (no amulet)
Regen    0.1/turn               (no ring)
MPRegen  0.2/turn               (no ring)

@: hasted, very quick
A: no striking features
a: no special abilities


You were on level 3 of the Dungeon.
You were hungry.

You visited 1 branch of the dungeon, and saw 3 of its levels.

You collected 102 gold pieces.

Inventory:

Hand Weapons
 l - a +0 dagger
 r - a +0 halberd (weapon)
Missiles
 e - 126 stones (quivered)
 q - 10 poisoned needles
Armour
 a - a +0 robe (worn)
 g - a +0 ring mail
 i - a +0 chain mail
 m - a +0 leather armour
Jewellery
 k - an uncursed ring of wizardry {unknown}
 n - a +4 amulet of reflection {unknown}
Scrolls
 d - a scroll of fear {unknown}
 j - 2 scrolls of noise {unknown}
 o - a scroll of identify {unknown}
 t - a scroll of fog {unknown}
 u - a scroll of amnesia {unknown}
Books
 b - a book of Conjurations

   Spells                             Type                      Level
   a - Magic Dart                     Conjuration                  1
   b - Searing Ray                    Conjuration                  2
   c - Dazzling Spray                 Conjuration/Hexes            3
   d - Fulminant Prism                Conjuration/Hexes            4
   e - Force Lance                    Conjuration/Translocation    4
   f - Iskenderun's Mystic Blast      Conjuration                  4
Comestibles
 c - 2 bread rations
 f - a chunk of flesh
 h - a meat ration
 s - a fruit


   Skills:
 + Level 3.1 Dodging
 + Level 2.8 Stealth
 + Level 4.0 Spellcasting
 + Level 5.7 Conjurations


You had one spell level left.
You knew the following spells:

 Your Spells              Type           Power        Failure   Level  Hunger
a - Magic Dart            Conj           ####         1%          1    None
b - Searing Ray           Conj           ####..       1%          2    #......
c - Dazzling Spray        Conj/Hex       ###...       12%         3    ###....
d - Fulminant Prism       Conj/Hex       ###.......   36%         4    ####...


Dungeon Overview and Level Annotations

Branches:
Dungeon (3/15)

Altars:

Annotations:
D:3 Arglure's ghost, amateur NaCK


Message History

Aiming: Searing Ray
Press: ? - help, Shift-Dir - straight line The searing ray hits Arglure's ghost.
Arglure's ghost is moderately damaged. (Press . to maintain the ray.) Arglure's ghost misses you.
The searing ray hits Arglure's ghost.
Arglure's ghost is moderately damaged.
Arglure's ghost hits you!
* * * LOW HITPOINT WARNING * * *
You feel yourself speed up.
The searing ray hits Arglure's ghost.
Arglure's ghost is moderately damaged.
Arglure's ghost closely misses you.
The searing ray hits Arglure's ghost.
Arglure's ghost is heavily damaged.
You finish channeling your searing ray.
Arglure's ghost barely misses you. Arglure's ghost hits you.
You die...

#.#.............#
#.#.............#
##.#...##........#
.......####......+
....#............#
....#............#
....#...........###
..................#
.........###....@%#
.........###...$W.#
##................#
##......#####....#
#................
#......#####....##
#.###### ###### #.#
#.#


You could see Arglure's ghost.

Vanquished Creatures
  4 gnolls (D:3)
  2 adders (D:2)
  A worm (D:2)
  A dart slug (D:2)
  3 leopard geckos
  2 giant cockroaches
  6 goblins
  4 hobgoblins
  3 jackals (D:2)
  3 kobolds (D:2)
  4 bats
  6 frilled lizards
  4 rats
43 creatures vanquished.

Notes
Turn   | Place    | Note
-------+----------+-------------------------------------------
     0 | D:1      | MatthieuS the Deep Elf Conjurer began the quest for the Orb.
     0 | D:1      | Reached XP level 1. HP: 10/10 MP: 6/6
   322 | D:1      | Reached XP level 2. HP: 15/15 MP: 5/8
   550 | D:1      | Learned a level 2 spell: Searing Ray
  1058 | D:2      | Reached skill level 5 in Conjurations
  1147 | D:2      | Reached XP level 3. HP: 19/19 MP: 1/9
  1685 | D:3      | Noticed Arglure's ghost (amateur NaCK)
  1996 | D:3      | Learned a level 3 spell: Dazzling Spray
  2059 | D:3      | Reached XP level 4. HP: 24/24 MP: 6/11
  2411 | D:3      | Learned a level 4 spell: Fulminant Prism
  2418 | D:3      | HP: 1/24 [Arglure's ghost (10)]
  2422 | D:3      | Slain by Arglure's ghost

Skill      XL: |  1  2  3  4 |
---------------+-------------+-----
Conjurations   | 5 |  5.7
Dodging        | 3 |  3.1
Spellcasting   | 4 |  4.0
Stealth        | |  2.8

Action                   |  1- 3 |  4- 6 || total
-------------------------+-------+-------++-------
Melee: Halberd           |       |     1 ||     1
Throw: Stone             |     1 |       ||     1
 Cast: Magic Dart        |    64 |     6 ||    70
       Searing Ray       |     4 |     3 ||     7
       Dazzling Spray    |       |     3 ||     3
  Use: Scroll            |     2 |       ||     2
       Potion            |     3 |     1 ||     4
  Eat: Chunk             |     3 |     1 ||     4
Armor: Robe              |    15 |       ||    15
Dodge: Dodged            |    27 |     8 ||    35
